 Dungeon Crawl Stone Soup version 0.25-a0-667-gb977e01cb5 (webtiles) character file.

Game seed: 4485840028880540326, levelgen mode: deterministic

821 Error4North the Chopper (level 7, 0/61 HPs)
             Began as a Hill Orc Fighter on Mar 26, 2020.
             Slain by an ogre
             ... wielding a +0 giant spiked club
              (4 damage)
             ... on level 4 of the Dungeon on Mar 27, 2020.
             The game lasted 00:13:53 (3396 turns).

Error4North the Chopper (Hill Orc Fighter)          Turns: 3396, Time: 00:13:54

Health: 0/61       AC: 12    Str: 21    XL:     7   Next: 95%
Magic:  7/7        EV:  8    Int: 10    God:
Gold:   140        SH: 10    Dex: 10    Spells: 6/6 levels left

rFire    + . .     SeeInvis .   a - +0 war axe
rCold    . . .     Gourm    .   c - +0 kite shield
rNeg     . . .     Faith    +   d - +4 scale mail {rF+}
rPois    .         Spirit   .   k - +0 helmet
rElec    .         Reflect  .   (no cloak)
rCorr    .         Harm     .   (no gloves)
MR       .....                  (no boots)
Stlth    ..........             o - amulet of faith
HPRegen  0.20/turn              n - +2 ring of intelligence
MPRegen  0.10/turn              (no ring)

@: no status effects
A: no striking features
a: no special abilities


You were on level 4 of the Dungeon.
You were not hungry.

You visited 1 branch of the dungeon, and saw 6 of its levels.
You also visited: Ossuary.

You collected 140 gold pieces.

Inventory:

Hand Weapons
 a - a +0 war axe (weapon)
Missiles
 r - 6 silver boomerangs (quivered)
Armour
 c - a +0 kite shield (worn)
 d - a +4 scale mail of fire resistance (worn)
 k - a +0 helmet (worn)
Jewellery
 n - a +2 ring of intelligence (left hand)
 o - an amulet of faith (around neck)
Wands
 b - a wand of digging (4)
Scrolls
 e - a scroll of random uselessness {unknown}
 g - a scroll of blinking {unknown}
 i - 8 scrolls of identify {unknown}
 j - 2 scrolls of enchant armour {unknown}
 m - 5 scrolls of remove curse {unknown}
 t - a scroll of magic mapping {unknown}
 w - a scroll of enchant weapon {unknown}
 x - a scroll of noise {unknown}
 y - a scroll of summoning {unknown}
 z - a scroll of vulnerability {unknown}
 C - 3 scrolls of immolation {unknown}
 D - a scroll of fog {unknown}
Potions
 h - 3 potions of heal wounds
 l - 2 potions of degeneration {unknown}
 p - 3 potions of haste {unknown}
 q - 5 potions of flight {unknown}
 s - 6 potions of resistance {unknown}
 u - 5 potions of curing {unknown}
 v - 2 potions of invisibility {unknown}
 B - 2 potions of mutation {unknown}
Comestibles
 f - 6 rations
 A - a chunk of flesh


   Skills:
 * Level 5.3 Fighting
 + Level 6.7 Axes
 * Level 5.5 Armour
 + Level 1.1 Dodging
 * Level 6.0 Shields


You had 6 spell levels left.
You didn't know any spells.
Your spell library was empty.

Dungeon Overview and Level Annotations

Branches:
Dungeon (6/15)            Ossuary (visited)
 Temple: D:4-7

Altars:


Message History

The ogre shouts!
There is an open door here.
The ogre hits you with a +0 giant spiked club!!
You slash the ogre!
The ogre is moderately wounded.
The ogre hits you with a +0 giant spiked club!!
* * * LOW HITPOINT WARNING * * *
You hit the ogre.
The ogre is heavily wounded.
The ogre hits you with a +0 giant spiked club!
* * * LOW HITPOINT WARNING * * *
Evoke which item? (* to show all) (? for menu, Esc to quit)
Okay, then.
You hit the ogre.
The ogre is heavily wounded.
The ogre hits you but does no damage.
You hit the ogre.
The ogre is heavily wounded.
The ogre hits you with a +0 giant spiked club.
You die...

#....# #.....[...........#
#....# #.....)..<........#
#....# #...........#+#..##
###########...........# ##.##
#........##...........#.##..#
#........##...........#(.....
#........##...........####...
#.......)##..O.....[..# #...
#........##.@.........# #..e
#........'....<#'#########...
#........#######.# ..........
#........+...(...# ..........
#........######### ..........
########## ######... #...
#... #...


You could see an ogre.

Vanquished Creatures
  Duvessa (D:4)
  3 water moccasin zombies (Ossuary)
  Dowan (D:4)
  A howler monkey (D:6)
  2 jellies (D:6)
  A bullfrog zombie (D:6)
  A hound (D:4)
  Terence (D:2)
  An iguana (D:6)
  3 worker ants
  A big kobold zombie (Ossuary)
  2 mummies (Ossuary)
  A howler monkey skeleton (D:4)
  4 adders
  An ooze (D:3)
  6 adder zombies (Ossuary)
  3 dart slugs
  5 leopard geckos
  3 orcs
  A ball python (D:3)
  6 giant cockroaches
  4 gnoll zombies (Ossuary)
  12 goblins
  8 hobgoblins
  5 jackals
  5 kobolds
  A quokka (D:2)
  8 bats
  4 frilled lizards
  4 hobgoblin zombies (Ossuary)
  7 kobold zombies (Ossuary)
  4 orc zombies (Ossuary)
  5 rats
115 creatures vanquished.

Notes
Turn   | Place    | Note
-------+----------+-------------------------------------------
     0 | D:1      | Error4North the Hill Orc Fighter began the quest for the
                  | Orb.
     0 | D:1      | Reached XP level 1. HP: 19/19 MP: 1/1
    54 | D:1      | Reached XP level 2. HP: 16/27 MP: 2/2
   267 | D:1      | Reached XP level 3. HP: 32/33 MP: 3/3
   827 | D:2      | Noticed Terence
   835 | D:2      | Killed Terence
   835 | D:2      | Reached XP level 4. HP: 35/40 MP: 4/4
  1393 | D:3      | Reached XP level 5. HP: 42/46 MP: 5/5
  2136 | D:4      | You fall into a shaft and drop 2 floors!
  2184 | D:6      | Reached skill level 5 in Shields
  2184 | D:6      | Reached XP level 6. HP: 51/53 MP: 6/6
  2294 | D:6      | Reached skill level 5 in Axes
  2407 | D:5      | Entered Level 5 of the Dungeon
  2413 | D:5      | Found a sand-covered staircase.
  2422 | Ossuary  | Entered an ossuary
  2562 | Ossuary  | Reached XP level 7. HP: 58/60 MP: 7/7
  2610 | Ossuary  | Reached skill level 5 in Armour
  2624 | Ossuary  | Reached skill level 5 in Fighting
  2742 | D:4      | Noticed Duvessa
  2742 | D:4      | Noticed Dowan
  2879 | D:3      | Reached skill level 1 in Dodging
  3028 | D:3      | Upgraded the game from 0.25-a0-665-ga69d64035b to
                  | 0.25-a0-667-gb977e01cb5
  3346 | D:4      | Killed Duvessa
  3347 | D:4      | Killed Dowan
  3394 | D:4      | HP: 3/61 [ogre/+0 giant spiked club (13)]
  3396 | D:4      | Slain by an ogre

Levels and vault maps discovered:
D:1:      dpeg_arrival_stone_temple_mockup, layout_rooms
D:2:      layout_basic, uniq_terence
D:3:      layout_basic
D:4:      layout_basic, uniq_duvessa, uniq_crazy_yiuf_cottage
D:5:      layout_rooms, nicolae_ossuary_entry_monument, first_ration
D:6:      layout_basic, lemuel_round_altar, gammafunk_temple_overflow_pools

Skill      XL: |  1  2  3  4  5  6  7 |
---------------+----------------------+-----
Fighting       | 4 5 |  5.3
Axes           | 3 4 5 6 |  6.7
Shields        | 4 5 6 |  6.0
Armour         | 4 5 |  5.5
Dodging        | 1 |  1.1

Action                   |  1- 3 |  4- 6 |  7- 9 || total
-------------------------+-------+-------+-------++-------
Melee: War axe           |   115 |   182 |   115 ||   412
  Use: Potion            |     1 |       |     2 ||     3
  Eat: Chunk             |       |     5 |     4 ||     9
Armor: Scale mail        |    69 |    96 |    59 ||   224
Dodge: Dodged            |    56 |    43 |    39 ||   138
Block: Kite shield       |    92 |    97 |    89 ||   278

Table legend:
 A = Non-vault XP
 B = Vault XP
 C = Vault XP percentage of total XP
 D = Non-vault monster count
 E = Vault monster count
 F = Vault count percentage of total count
                 A         B        C        D         E       F
            +---------+---------+-------+---------+---------+-------
      Total |     569 |     605 |  51.5 |      81 |      34 |  29.6
            +---------+---------+-------+---------+---------+-------
        D:1 |      51 |       0 |   0.0 |      28 |       0 |   0.0
        D:2 |      42 |      36 |  46.2 |      16 |       1 |   5.9
        D:3 |     141 |       0 |   0.0 |      26 |       0 |   0.0
        D:4 |     111 |     218 |  66.3 |       6 |       2 |  25.0
        D:6 |     224 |       0 |   0.0 |       5 |       0 |   0.0
    Ossuary |       0 |     351 | 100.0 |       0 |      31 | 100.0
            +---------+---------+-------+---------+---------+-------
